APP
OAKLAND (APP) ATHLETICS @ GREAT FALLS VOYAGERS
11/19/2046
 
TOP OF THE 1ST
Oakland (APP) Athletics batting - Pitching for Great Falls Voyagers : RHP Ryan Burson
Pitching: RHP Ryan Burson
Batting: RHB Zack DiCicco 0-0: Ball
1-0: Ground out 1-3 (Groundball, 34S, EV 60.6 MPH)
Batting: RHB Steve Blackshear 0-0: DOUBLE (Line Drive, 3D, EV 96.9 MPH)
Batting: LHB Augustin Cormier 0-0: Ball
1-0: Foul Ball, location: 2F
1-1: Foul Ball, location: 2F
1-2: Ball
2-2: 2-RUN HOME RUN (Flyball, 7LD, EV 96.9 MPH), Distance : 351 ft
Batting: RHB Marcus Kressley 0-0: Ball
1-0: Ball
2-0: Ball
3-0: Base on Balls
Batting: RHB Darius Mitchell 0-0: Reached on error, E5 (Groundball, 56, EV 100.0 MPH)
Marcus Kressley to second
Batting: RHB Antonio Olivares 0-0: Ball
1-0: Swinging Strike
1-1: Ball
2-1: Foul Ball, location: 2F
2-2: Foul Ball, location: 2F
2-2: Strikes out looking
Batting: LHB Noah Young 0-0: Ball
1-0: Ball
2-0: Called Strike
2-1: SINGLE (Flyball, 89S, EV 84.4 MPH)
Marcus Kressley to third
Darius Mitchell to second
Batting: LHB Alex Shannon 0-0: Ball
1-0: Ball
2-0: Ball
3-0: Base on Balls
Marcus Kressley scores
Darius Mitchell to third
Noah Young to second
Batting: SHB Matt Schmidt 0-0: Ball
1-0: Called Strike
1-1: Called Strike
1-2: Strikes out looking
Top of the 1st over - 3 runs, 3 hits, 1 error, 3 left on base; Oakland (APP) 3 - Great Falls 0
BOTTOM OF THE 1ST
Great Falls Voyagers batting - Pitching for Oakland (APP) Athletics : RHP Andy Teague
Pitching: RHP Andy Teague
Batting: SHB Jay Gagnon 0-0: Called Strike
0-1: Called Strike
0-2: Ball
1-2: Ball
2-2: Reached via error on a dropped throw from 2B, E3 (Groundball, 4, EV 79.4 MPH)
Batting: RHB Mike Rosa 0-0: Swinging Strike
0-1: Ball
1-1: Foul Ball, location: 2F
1-2: Foul Ball, location: 2F
1-2: Ball
2-2: Strikes out swinging
Batting: LHB Justin Stickney 0-0: Called Strike
0-1: Ball
1-1: Ball
2-1: Ball
3-1: Foul Ball, location: 2F
3-2: Foul Ball, location: 2F
3-2: SINGLE (Line Drive, 56D, EV 101.2 MPH)
Jay Gagnon to second
Jay Gagnon to third
Batting: RHB Duncan Collins 0-0: Ball
1-0: Ball
2-0: Foul Ball, location: 2F
2-1: 3-RUN HOME RUN (Flyball, 78XD, EV 99.4 MPH), Distance : 404 ft
Batting: RHB Andy Cotton 0-0: Ball
1-0: Foul Ball, location: 2F
1-1: Ball
2-1: Ball
3-1: Base on Balls
Batting: RHB David Rhodes 0-0: Ball
1-0: Ball
Andy Cotton steals 2nd base (no throw)
2-0: DOUBLE (Flyball, 89XD, EV 101.2 MPH)
Andy Cotton scores
Batting: RHB Tommy Ellington 0-0: Ball
1-0: DOUBLE (Flyball, 8RXD, EV 100.6 MPH)
David Rhodes scores
Batting: SHB Jose Romo 0-0: Called Strike
0-1: Ball
1-1: Ball
2-1: Ball
3-1: Foul Ball, location: 2F
3-2: Base on Balls
Batting: RHB Billy Grubbs 0-0: Swinging Strike
0-1: 3-RUN HOME RUN (Flyball, 8LXD, EV 113.8 MPH), Distance : 441 ft
Batting: SHB Jay Gagnon 0-0: Called Strike
0-1: Ball
1-1: Foul Ball, location: 2F
1-2: Foul Ball, location: 2F
1-2: SINGLE (Groundball, 25, EV 71.9 MPH) (infield hit)
Batting: RHB Mike Rosa 0-0: Ball
1-0: Ball
2-0: Grounds into double play, 4-6-3 (Groundball, 4, EV 85.0 MPH)
Bottom of the 1st over - 8 runs, 6 hits, 1 error, 0 left on base; Oakland (APP) 3 - Great Falls 8
TOP OF THE 2ND
Oakland (APP) Athletics batting - Pitching for Great Falls Voyagers : RHP Ryan Burson
Batting: RHB Zack DiCicco 0-0: Foul Ball, location: 2F
0-1: Fly out, F8 (Flyball, 78M, EV 85.0 MPH)
Batting: RHB Steve Blackshear 0-0: Ball
1-0: Ball
2-0: Ball
3-0: Base on Balls
Batting: LHB Augustin Cormier 0-0: Called Strike
0-1: Ball
Steve Blackshear steals 2nd, throwing error, E2
Steve Blackshear to third
1-1: Swinging Strike
1-2: Ball
2-2: Strikes out swinging
Batting: RHB Marcus Kressley 0-0: Foul Ball, location: 2F
0-1: Ball
1-1: Swinging Strike
1-2: Ball
2-2: Ground out 4-3 (Groundball, 4, EV 86.2 MPH)
Top of the 2nd over - 0 runs, 0 hits, 1 error, 1 left on base; Oakland (APP) 3 - Great Falls 8
BOTTOM OF THE 2ND
Great Falls Voyagers batting - Pitching for Oakland (APP) Athletics : RHP Andy Teague
Batting: LHB Justin Stickney 0-0: Ball
1-0: Ball
2-0: Called Strike
2-1: Swinging Strike
2-2: Foul Ball, location: 2F
2-2: Foul Ball, location: 2F
2-2: Foul Ball, location: 2F
2-2: Ball
3-2: Foul Ball, location: 2F
3-2: Base on Balls
Batting: RHB Duncan Collins 0-0: Called Strike
0-1: Foul Ball, location: 2F
0-2: Fly out, F9 (Flyball, 9D, EV 96.9 MPH)
Batting: RHB Andy Cotton 0-0: Ball
1-0: Called Strike
1-1: Fly out, F7 (Flyball, 7, EV 97.5 MPH)
Batting: RHB David Rhodes 0-0: Called Strike
0-1: Ball
1-1: Foul Ball, location: 2F
1-2: Ball
2-2: Foul Ball, location: 2F
2-2: Ball
3-2: Base on Balls
Justin Stickney to second
Batting: RHB Tommy Ellington 0-0: Ball
1-0: Ball
2-0: Ball
3-0: Called Strike
3-1: Called Strike
3-2: Foul Ball, location: 2F
3-2: SINGLE (Line Drive, 8LS, EV 92.5 MPH)
Justin Stickney to third
David Rhodes to second
Justin Stickney scores
David Rhodes to third
Batting: SHB Jose Romo 0-0: Reached on error, E4 (Groundball, 34, EV 83.1 MPH)
David Rhodes scores
Tommy Ellington to second
Batting: RHB Billy Grubbs 0-0: Ball
1-0: Ball
2-0: Ball
3-0: Base on Balls
Tommy Ellington to third
Jose Romo to second
Batting: SHB Jay Gagnon 0-0: Called Strike
0-1: Ball
1-1: Swinging Strike
1-2: Strikes out swinging
Bottom of the 2nd over - 2 runs, 1 hit, 1 error, 3 left on base; Oakland (APP) 3 - Great Falls 10
TOP OF THE 3RD
Oakland (APP) Athletics batting - Pitching for Great Falls Voyagers : RHP Ryan Burson
Batting: RHB Darius Mitchell 0-0: Swinging Strike
0-1: Foul Ball, location: 2F
0-2: Strikes out looking
Batting: RHB Antonio Olivares 0-0: Foul Ball, location: 2F
0-1: Foul Ball, location: 2F
0-2: Ball
1-2: Strikes out swinging
Batting: LHB Noah Young 0-0: Foul Ball, location: 2F
0-1: Ground out 4-3 (Groundball, 34D, EV 77.5 MPH)
Top of the 3rd over - 0 runs, 0 hits, 0 errors, 0 left on base; Oakland (APP) 3 - Great Falls 10
BOTTOM OF THE 3RD
Great Falls Voyagers batting - Pitching for Oakland (APP) Athletics : RHP Andy Teague
Batting: RHB Mike Rosa 0-0: Foul Ball, location: 2F
0-1: Swinging Strike
0-2: Strikes out swinging
Batting: LHB Justin Stickney 0-0: SOLO HOME RUN (Line Drive, 7D, EV 96.2 MPH), Distance : 388 ft
Batting: RHB Duncan Collins 0-0: Foul Ball, location: 2F
0-1: Ball
1-1: Ball
2-1: Ball
3-1: Swinging Strike
3-2: Ground out 1-3 (Groundball, 34S, EV 73.1 MPH)
Batting: RHB Andy Cotton 0-0: Foul Ball, location: 2F
0-1: Foul Ball, location: 2F
0-2: Ball
1-2: Ground out 5-3 (Groundball, 5S, EV 87.5 MPH)
Bottom of the 3rd over - 1 run, 1 hit, 0 errors, 0 left on base; Oakland (APP) 3 - Great Falls 11
TOP OF THE 4TH
Oakland (APP) Athletics batting - Pitching for Great Falls Voyagers : RHP Ryan Burson
Batting: LHB Alex Shannon 0-0: Foul Ball, location: 2F
0-1: Called Strike
0-2: SINGLE (Groundball, 4, EV 98.1 MPH)
Batting: SHB Matt Schmidt 0-0: Bunted foul
0-1: Bunted foul
0-2: Ball
1-2: Bunt missed, Strikeout!
Batting: RHB Zack DiCicco 0-0: Ball
1-0: Foul Ball, location: 2F
1-1: 2-RUN HOME RUN (Flyball, 7D, EV 98.1 MPH), Distance : 378 ft
Batting: RHB Steve Blackshear 0-0: Ball
1-0: Ball
2-0: Called Strike
2-1: SOLO HOME RUN (Flyball, 9D, EV 99.4 MPH), Distance : 377 ft
Pitching: LHP Ray Sowers
Batting: LHB Augustin Cormier 0-0: SINGLE (Flyball, 8RS, EV 91.2 MPH)
Batting: RHB Marcus Kressley 0-0: Called Strike
0-1: Foul Ball, location: 2F
0-2: Ball
1-2: Foul Ball, location: 2F
1-2: Ball
2-2: SINGLE (Groundball, 4MD, EV 108.8 MPH)
Augustin Cormier to second
Batting: RHB Darius Mitchell 0-0: Ball
1-0: Grounds into double play, 5-4-3 (Groundball, 56S, EV 83.1 MPH)
Top of the 4th over - 3 runs, 5 hits, 0 errors, 1 left on base; Oakland (APP) 6 - Great Falls 11
BOTTOM OF THE 4TH
Great Falls Voyagers batting - Pitching for Oakland (APP) Athletics : RHP Andy Teague
Batting: RHB David Rhodes 0-0: Ball
1-0: SOLO HOME RUN (Flyball, 78XD, EV 101.2 MPH), Distance : 417 ft
Batting: RHB Tommy Ellington 0-0: Called Strike
0-1: Foul Ball, location: 2F
0-2: SINGLE (Groundball, 6MS, EV 69.4 MPH) (infield hit)
Batting: SHB Jose Romo 0-0: Ball
1-0: Fly out, F8 (Line Drive, 8RD, EV 91.2 MPH)
Batting: RHB Billy Grubbs 0-0: Ball
1-0: Foul Ball, location: 2F
1-1: Ball
2-1: Ball
3-1: Swinging Strike
3-2: Base on Balls
Tommy Ellington to second
Batting: SHB Jay Gagnon 0-0: Ball
1-0: Foul Ball, location: 2F
1-1: Ball
2-1: Ground out 5-3 (Groundball, 56S, EV 73.1 MPH)
Tommy Ellington to third
Billy Grubbs to second
Batting: RHB Mike Rosa 0-0: Swinging Strike
0-1: Fly out, F7 (Flyball, 7, EV 86.2 MPH)
Bottom of the 4th over - 1 run, 2 hits, 0 errors, 2 left on base; Oakland (APP) 6 - Great Falls 12
TOP OF THE 5TH
Oakland (APP) Athletics batting - Pitching for Great Falls Voyagers : LHP Ray Sowers
Batting: RHB Antonio Olivares 0-0: Ball
1-0: Foul Ball, location: 2F
1-1: Called Strike
1-2: Ball
2-2: Foul Ball, location: 2F
2-2: DOUBLE (Line Drive, 89D, EV 110.6 MPH)
Batting: LHB Noah Young 0-0: Called Strike
0-1: Swinging Strike
0-2: Ground out 4-3 (Groundball, 4, EV 76.9 MPH)
Antonio Olivares to third
Batting: LHB Alex Shannon 0-0: Fly out, F7 (Line Drive, 7S, EV 105.6 MPH)
Batting: SHB Matt Schmidt 0-0: Called Strike
0-1: Ball
1-1: Ball
2-1: Foul Ball, location: 2F
2-2: Ball
3-2: Base on Balls
Batting: RHB Zack DiCicco 0-0: Ball
1-0: Ball
2-0: Ball
3-0: Base on Balls
Matt Schmidt to second
Pitching: RHP Alec Guglielmo
Batting: RHB Steve Blackshear 0-0: Foul Ball, location: 2F
0-1: Fielders Choice at 2nd, 5-4 (Groundball, 56, EV 105.6 MPH)
Top of the 5th over - 0 runs, 1 hit, 0 errors, 3 left on base; Oakland (APP) 6 - Great Falls 12
BOTTOM OF THE 5TH
Great Falls Voyagers batting - Pitching for Oakland (APP) Athletics : RHP Andy Teague
Batting: LHB Justin Stickney 0-0: Called Strike
0-1: Ball
1-1: Ball
2-1: Foul Ball, location: 2F
2-2: Foul Ball, location: 2F
2-2: Hit by Pitch
Batting: RHB Duncan Collins 0-0: Called Strike
0-1: Called Strike
0-2: Ball
1-2: SINGLE (Flyball, 89S, EV 83.8 MPH)
Justin Stickney to second
Runner from 2nd tries for 3rd, OUT! 9-5
Batting: RHB Andy Cotton 0-0: Ball
Wild Pitch!
Duncan Collins to second
1-0: Ball
2-0: Ball
3-0: Called Strike
3-1: Base on Balls
Batting: RHB David Rhodes 0-0: Ball
1-0: Called Strike
1-1: Ball
2-1: SINGLE (Groundball, 6MD, EV 108.1 MPH)
Duncan Collins to third
Andy Cotton to second
Runner from 3rd tries for Home, throw by CF and OUT! 8-2
Batting: RHB Tommy Ellington 0-0: Foul Ball, location: 2F
0-1: Ball
1-1: 3-RUN HOME RUN (Flyball, 78XD, EV 106.9 MPH), Distance : 408 ft
Batting: SHB Jose Romo 0-0: Called Strike
0-1: Ball
1-1: Foul Ball, location: 2F
1-2: Foul Ball, location: 2F
1-2: Ball
2-2: Ball
3-2: Base on Balls
Batting: RHB Billy Grubbs 0-0: Ball
1-0: Ball
2-0: Ball
3-0: Called Strike
3-1: Foul Ball, location: 2F
3-2: Foul Ball, location: 2F
3-2: Foul Ball, location: 2F
3-2: Foul Ball, location: 2F
3-2: Base on Balls
Jose Romo to second
Batting: SHB Jay Gagnon 0-0: Ball
1-0: Fly out, F8 (Flyball, 78D, EV 86.9 MPH)
Bottom of the 5th over - 3 runs, 3 hits, 0 errors, 2 left on base; Oakland (APP) 6 - Great Falls 15
TOP OF THE 6TH
Oakland (APP) Athletics batting - Pitching for Great Falls Voyagers : RHP Alec Guglielmo
Pitching: LHP Don Stanford
Batting: LHB Augustin Cormier 0-0: Swinging Strike
0-1: Ball
1-1: Ground out 6-3 (Groundball, 4S, EV 90.0 MPH)
Batting: RHB Marcus Kressley 0-0: Ball
1-0: SOLO HOME RUN (Line Drive, 78XD, EV 101.2 MPH), Distance : 420 ft
Batting: RHB Darius Mitchell 0-0: Swinging Strike
0-1: Called Strike
0-2: Ball
1-2: Foul Ball, location: 2F
1-2: Ball
2-2: Strikes out swinging
Batting: RHB Antonio Olivares 0-0: Called Strike
0-1: Ball
1-1: Foul Ball, location: 2F
1-2: Foul Ball, location: 2F
1-2: Foul Ball, location: 2F
1-2: Ball
2-2: Strikes out swinging
Top of the 6th over - 1 run, 1 hit, 0 errors, 0 left on base; Oakland (APP) 7 - Great Falls 15
BOTTOM OF THE 6TH
Great Falls Voyagers batting - Pitching for Oakland (APP) Athletics : RHP Andy Teague
Batting: RHB Mike Rosa 0-0: Ball
1-0: Ball
2-0: Ball
3-0: Called Strike
3-1: Foul Ball, location: 2F
3-2: Base on Balls
Batting: LHB Justin Stickney 0-0: Ball
1-0: Called Strike
1-1: Foul Ball, location: 2F
1-2: Ball
2-2: Ball
3-2: Base on Balls
Mike Rosa to second
Batting: RHB Duncan Collins 0-0: Ball
1-0: Single, Error in OF, E7, batter to second base (Groundball, 56D, EV 107.5 MPH)
Mike Rosa scores
Justin Stickney to third
Batting: RHB Andy Cotton 0-0: Ball
1-0: Called Strike
1-1: Ball
2-1: Ball
3-1: Base on Balls
Batting: RHB David Rhodes 0-0: Ball
1-0: Swinging Strike
1-1: Ball
2-1: Ball
3-1: Swinging Strike
3-2: Base on Balls
Justin Stickney scores
Duncan Collins to third
Andy Cotton to second
Batting: RHB Tommy Ellington 0-0: Foul Ball, location: 2F
0-1: Ball
1-1: Ball
Wild Pitch!
Duncan Collins scores
Andy Cotton to third
David Rhodes to second
2-1: Ball
3-1: Base on Balls
Batting: SHB Jose Romo 0-0: Called Strike
0-1: Ball
1-1: Ball
Wild Pitch!
Andy Cotton scores
David Rhodes to third
Tommy Ellington to second
2-1: Ball
3-1: Base on Balls
Batting: RHB Billy Grubbs 0-0: Fly out, F3 (Popup, 34, EV 61.9 MPH)
Batting: SHB Jay Gagnon 0-0: Foul Ball, location: 2F
0-1: Fly out, F8 (Flyball, 8RM, EV 85.0 MPH)
Batting: RHB Mike Rosa 0-0: Ground out U3 (Groundball, 34, EV 90.0 MPH)
Bottom of the 6th over - 4 runs, 1 hit, 1 error, 3 left on base; Oakland (APP) 7 - Great Falls 19
TOP OF THE 7TH
Oakland (APP) Athletics batting - Pitching for Great Falls Voyagers : LHP Don Stanford
Batting: LHB Noah Young 0-0: Ball
1-0: Foul Ball, location: 2F
1-1: Called Strike
1-2: Strikes out swinging
Batting: LHB Alex Shannon 0-0: Fly out, F9 (Line Drive, 89M, EV 92.5 MPH)
Batting: SHB Matt Schmidt 0-0: Ball
1-0: Swinging Strike
1-1: Ball
2-1: Swinging Strike
2-2: Ball
3-2: Strikes out swinging
Top of the 7th over - 0 runs, 0 hits, 0 errors, 0 left on base; Oakland (APP) 7 - Great Falls 19
BOTTOM OF THE 7TH
Great Falls Voyagers batting - Pitching for Oakland (APP) Athletics : RHP Andy Teague
Batting: LHB Justin Stickney 0-0: Ball
1-0: Swinging Strike
1-1: Ball
2-1: Ball
3-1: Base on Balls
Batting: RHB Duncan Collins 0-0: Ball
1-0: Foul Ball, location: 2F
1-1: Ball
2-1: Ball
3-1: Called Strike
3-2: Foul Ball, location: 2F
3-2: Foul Ball, location: 2F
3-2: Foul Ball, location: 2F
3-2: Base on Balls
Justin Stickney to second
Batting: RHB Andy Cotton 0-0: Fly out, F8 (Flyball, 89S, EV 85.6 MPH)
Batting: RHB David Rhodes 0-0: Ball
1-0: Ball
2-0: Ball
3-0: Called Strike
3-1: Foul Ball, location: 2F
3-2: Base on Balls
Justin Stickney to third
Duncan Collins to second
Batting: RHB Tommy Ellington 0-0: GRAND SLAM HOME RUN (Flyball, 78XD, EV 107.5 MPH), Distance : 421 ft
Batting: SHB Jose Romo 0-0: Reached on error, E4 (Groundball, 4, EV 78.1 MPH)
Batting: RHB Billy Grubbs 0-0: Ball
1-0: Ball
2-0: Ball
3-0: Called Strike
3-1: Foul Ball, location: 2F
3-2: Base on Balls
Jose Romo to second
Batting: SHB Jay Gagnon 0-0: Ball
1-0: Foul Ball, location: 2F
1-1: Foul Ball, location: 2F
1-2: SINGLE (Groundball, 34S, EV 70.6 MPH) (infield hit)
Jose Romo to third
Billy Grubbs to second
Batting: RHB Mike Rosa 0-0: Ball
1-0: Ball
2-0: Ball
3-0: Called Strike
3-1: Base on Balls
Jose Romo scores
Billy Grubbs to third
Jay Gagnon to second
Batting: LHB Justin Stickney 0-0: GRAND SLAM HOME RUN (Flyball, 9LD, EV 96.2 MPH), Distance : 335 ft
Batting: RHB Duncan Collins 0-0: Ball
1-0: Fly out, F8 (Flyball, 8RM, EV 93.1 MPH)
Batting: RHB Andy Cotton 0-0: Ground out 6-3 (Groundball, 6, EV 90.6 MPH)
Bottom of the 7th over - 9 runs, 3 hits, 1 error, 0 left on base; Oakland (APP) 7 - Great Falls 28
TOP OF THE 8TH
Oakland (APP) Athletics batting - Pitching for Great Falls Voyagers : LHP Don Stanford
Batting: RHB Zack DiCicco 0-0: Called Strike
0-1: Swinging Strike
0-2: Foul Ball, location: 2F
0-2: Ball
1-2: Foul Ball, location: 2F
1-2: Strikes out swinging
Batting: RHB Steve Blackshear 0-0: Ball
1-0: Called Strike
1-1: Ball
2-1: Called Strike
2-2: Foul Ball, location: 2F
2-2: Foul Ball, location: 2F
2-2: Foul Ball, location: 2F
2-2: Strikes out swinging
Batting: LHB Augustin Cormier 0-0: Foul Ball, location: 2F
0-1: Ball
1-1: Fly out, F8 (Flyball, 8LD, EV 103.8 MPH)
Top of the 8th over - 0 runs, 0 hits, 0 errors, 0 left on base; Oakland (APP) 7 - Great Falls 28
BOTTOM OF THE 8TH
Great Falls Voyagers batting - Pitching for Oakland (APP) Athletics : RHP Andy Teague
Batting: RHB David Rhodes 0-0: SINGLE (Groundball, 34D, EV 97.5 MPH)
Batting: RHB Tommy Ellington 0-0: Ball
1-0: Ball
2-0: Foul Ball, location: 2F
2-1: Ball
3-1: Base on Balls
David Rhodes to second
Batting: SHB Jose Romo 0-0: SINGLE (Groundball, 4MS, EV 73.8 MPH) (infield hit)
David Rhodes to third
Tommy Ellington to second
Batting: RHB Billy Grubbs 0-0: Ball
1-0: Swinging Strike
1-1: Ball
2-1: Foul Ball, location: 2F
2-2: Strikes out swinging
Batting: SHB Jay Gagnon 0-0: Called Strike
0-1: GRAND SLAM HOME RUN (Flyball, 9LD, EV 95.6 MPH), Distance : 353 ft
Batting: RHB Mike Rosa 0-0: Ball
1-0: Called Strike
1-1: Foul Ball, location: 2F
1-2: Fly out, F8 (Flyball, 8LD, EV 91.2 MPH)
Batting: LHB Justin Stickney 0-0: Foul Ball, location: 2F
0-1: Ball
1-1: Ball
2-1: Ball
3-1: Base on Balls
Batting: RHB Duncan Collins 0-0: Foul Ball, location: 2F
0-1: Foul Ball, location: 2F
0-2: Ball
1-2: Ball
2-2: Strikes out swinging
Bottom of the 8th over - 4 runs, 3 hits, 0 errors, 1 left on base; Oakland (APP) 7 - Great Falls 32
TOP OF THE 9TH
Oakland (APP) Athletics batting - Pitching for Great Falls Voyagers : LHP Don Stanford
Batting: RHB Marcus Kressley 0-0: Ball
1-0: DOUBLE (Flyball, 8RXD, EV 91.9 MPH)
Pitching: LHP Yusufu Mustafa
Batting: RHB Darius Mitchell 0-0: Ball
1-0: DOUBLE (Flyball, 89D, EV 90.0 MPH)
Marcus Kressley scores
Batting: RHB Antonio Olivares 0-0: Ball
1-0: Swinging Strike
1-1: Foul Ball, location: 2F
1-2: Ground out 6-3 (Groundball, 6, EV 99.4 MPH)
Batting: LHB Noah Young 0-0: Foul Ball, location: 2F
0-1: Ball
1-1: Swinging Strike
1-2: Strikes out swinging
Batting: LHB Alex Shannon 0-0: Ball
1-0: Ground out 6-3 (Groundball, P, EV 83.1 MPH)
Top of the 9th over - 1 run, 2 hits, 0 errors, 1 left on base; Oakland (APP) 8 - Great Falls 32
Tuesday, September 13th , 2022 - OOTP Baseball 23.7 Build 88